 Dungeon Crawl Stone Soup version 0.29-a0-1047-g7c58e119a4 (webtiles) character file.

Game seed: 2620760221548595913

132 ytrimaz the Insei (level 4, 0/26 (32) HPs)
             Began as a Demonspawn Transmuter on Aug 16, 2022.
             Slain by a necrophage (6 damage)
             ... on level 4 of the Dungeon.
             The game lasted 00:02:44 (3542 turns).

ytrimaz the Insei (Demonspawn Transmuter)           Turns: 3542, Time: 00:02:45

HP:   0/26 (32)     AC:  2    Str: 10    XL:     4   Next: 92%
MP:   7/7           EV: 12    Int: 18    God:
Gold: 242           SH:  0    Dex: 14    Spells: 1/7 levels left

rFire   . . .      SeeInvis .     - Unarmed
rCold   + + .      Faith    .   (no shield)
rNeg    . . .      Spirit   .   a - +0 robe
rPois   .          Reflect  .   (no helmet)
rElec   .          Harm     .   (no cloak)
rCorr   .          Rampage  .   (no gloves)
Will    .....                   (no boots)
Stlth   +.........              b - amulet of magic regeneration
HPRegen 0.08/turn               f - ring of protection from cold
MPRegen 0.50/turn               h - ring of protection from cold

@: heavily drained
A: big brain 1, demonic magic 1
a: no special abilities


You were on level 4 of the Dungeon.
You visited 1 branch of the dungeon, and saw 4 of its levels.

You collected 242 gold pieces.

Inventory:

Armour
 a - a +0 robe (worn)
Jewellery
 b - an amulet of magic regeneration (around neck)
 e - an amulet of faith
 f - a ring of protection from cold (left hand)
 h - a ring of protection from cold (right hand)
Scrolls
 j - a scroll of teleportation
Potions
 c - a potion of haste
 d - 2 potions of flight
 g - a potion of might {unknown}
 i - a potion of mutation {unknown}
 k - a potion of degeneration {unknown}
 l - 2 potions of brilliance {unknown}


   Skills:
 - Level 1.0 Fighting
 - Level 1.7 Dodging
 + Level 5.2 Unarmed Combat
 - Level 2.0 Spellcasting
 - Level 1.7 Transmutations


You had one spell level left.
You knew the following spells:

 Your Spells              Type           Power      Damage    Failure   Level
a - Beastly Appendage     Tmut           16%        N/A       9%          1
b - Wereblood             Tmut           8%         N/A       13%         2
c - Spider Form           Tmut/Pois      4%         N/A       36%         3

Your spell library contained the following spells:

 Spells                   Type           Power      Damage    Failure   Level
 Passwall                 Tmut/Erth      3%         N/A       19%         2
 Ensorcelled Hibernation  Hex/Ice        2%         N/A       26%         2
 Swiftness                Air            1%         N/A       47%         3
 Ice Form                 Ice/Tmut       4%         N/A       77%         4
 Anguish                  Hex/Necr       0%         N/A       87%         4
 Passage of Golubria      Tloc           1%         N/A       87%         4
 Silence                  Hex/Air        0%         N/A       99%         5
 Dispersal                Tloc           0%         N/A       100%        6
 Disjunction              Tloc           0%         N/A       100%        8
 Lehudib's Crystal Spear  Conj/Erth      0%         10d2      100%        8


Dungeon Overview and Level Annotations

Branches:
Dungeon (4/15)
 Temple: D:4-7

Altars:
Nemelex Xobeh
Okawaru

Annotations:
D:2 1 runed translucent door, Crazy Yiuf


Innate Abilities, Weirdness & Mutations

You have an unusually large brain. (Int +2)
Spells you cast may paralyse adjacent enemies.


Message History

The endoplasm freezes you.
You are frozen.
You resist.
A hobgoblin comes into view.
The hobgoblin closely misses you. The necrophage hits you.
You feel drained.
You punch the endoplasm!
You feel a bit better.
You kill the endoplasm!
You howl as the wereblood boils in your veins!
The necrophage barely misses you. The hobgoblin closely misses you.
You closely miss the necrophage.
Your horns disappear.
Your talons disappear.
The kobold hits you with a +0 short sword.
The necrophage completely misses you. The hobgoblin closely misses you.
Unknown command.
You closely miss the kobold. You punch the kobold.
You feel a bit better.
You kill the kobold!
The hobgoblin hits you but does no damage.
The necrophage hits you.
You feel drained.
You punch the necrophage!
The necrophage is moderately damaged.
The hobgoblin hits you. The necrophage hits you.
You feel drained. The hobgoblin hits you.
Unknown command.
You barely miss the necrophage.
The necrophage is moderately damaged.
The hobgoblin hits you. The necrophage closely misses you.
The hobgoblin hits you.
You punch the necrophage!
The necrophage is heavily damaged.
Your primal bloodlust has ended.
You barely miss the necrophage.
The necrophage is heavily damaged.
The necrophage hits you!
* * * LOW HITPOINT WARNING * * *
You feel drained.
* * * LOW HITPOINT WARNING * * *
The hobgoblin barely misses you. x2
You hit the necrophage.
The necrophage is severely damaged.
The necrophage hits you.
You die...

##.....##....~~~?~...
##...##.###...~.....
##.###..###.?~~~...
#>......#..........
######.....$..####.
#.#.#.#.#.#.#....
#.#.#.#.#.#..#..#
#.#n#)#.#.### ##
#.#@#.#.#..
#.#g#g#.#.#..
.#K#.#.#.#.##.. #.#
#.#.#.#.. . #.#
#.#.#.... ..#
#.#.##.. ### #.#..
#.#. #.


You could see a necrophage, 2 hobgoblins and a kobold.

Vanquished Creatures
  A howler monkey (D:4)
  2 adders
  A worm (D:2)
  A dart slug (D:3)
  6 orcs (D:3)
  2 bats
  4 endoplasms
  2 giant cockroaches
  8 goblins
  9 hobgoblins
  3 jackals (D:2)
  8 kobolds
  3 quokkas
  4 ball pythons (D:1)
  4 frilled lizards
  4 rats
62 creatures vanquished.

Vanquished Creatures (others)
  A fungus (D:2)
1 creature vanquished.

Grand Total: 63 creatures vanquished

Notes
Turn   | Place    | Note
-------+----------+-------------------------------------------
     0 | D:1      | ytrimaz the Demonspawn Transmuter began the quest for the
                  | Orb.
     0 | D:1      | Reached XP level 1. HP: 15/15 MP: 3/3
    97 | D:1      | Reached skill level 3 in Unarmed Combat
   151 | D:1      | Gained mutation: You have an unusually large brain. (Int
                  | +2) [demonic ancestry]
   151 | D:1      | Reached XP level 2. HP: 4/21 MP: 5/5
   451 | D:1      | Learned a level 2 spell: Wereblood
  1127 | D:2      | Reached XP level 3. HP: 7/26 MP: 6/6
  1585 | D:2      | Reached skill level 4 in Unarmed Combat
  1787 | D:2      | Found a runed translucent door.
  1788 | D:2      | Noticed Crazy Yiuf
  2144 | D:2      | Learned a level 3 spell: Spider Form
  2255 | D:2      | Found a faded altar of an unknown god.
  2959 | D:3      | Gained mutation: Spells you cast may paralyse adjacent
                  | enemies. [demonic ancestry]
  2959 | D:3      | Reached XP level 4. HP: 27/32 MP: 7/7
  3460 | D:3      | Found a sparkling altar of Nemelex Xobeh.
  3487 | D:4      | Found an iron altar of Okawaru.
  3513 | D:4      | Noticed a necrophage
  3527 | D:4      | Reached skill level 5 in Unarmed Combat
  3542 | D:4      | Slain by a necrophage

Illustrated notes

Levels and vault maps discovered:
D:1:      dpeg_arrival_tiny_h, layout_loops_ring, st_stairs_1
D:2:      layout_loops_cross, ebering_ecumenical_altar_hall,
          uniq_crazy_yiuf_cottage
D:3:      layout_basic, nemelex_dance_club_becter, columned_hall_lemuel,
          grunt_decor_cap, nicolae_elevator_lobby_asterisk
D:4:      layout_rooms, nicolae_overflow_hidden_temple, lemuel_round_altar,
          mainiacjoe_overflow_24_doors, serial_rivers,
          chequers_serial_rivers_micro_d, chequers_serial_rivers_micro_c,
          chequers_serial_rivers_room_a, chequers_serial_rivers_micro_e,
          chequers_serial_rivers_micro_c, minivault_27, minivault_23,
          minmay_bisected

Skill      XL: |  1  2  3  4 |
---------------+-------------+-----
Unarmed Combat | 3 4 5 |  5.2
Fighting       | |  1.0
Dodging        | |  1.7
Spellcasting   | |  2.0
Transmutations | |  1.7

Action                   |  1- 3 |  4- 6 || total
-------------------------+-------+-------++-------
Melee: Unarmed           |   124 |    46 ||   170
       Kick              |    25 |     9 ||    34
       Headbutt          |     6 |     4 ||    10
       Punch             |       |     1 ||     1
 Cast: Beastly Appendage |    28 |     7 ||    35
       Spider Form       |       |     1 ||     1
       Wereblood         |       |     1 ||     1
  Use: Potion            |     1 |       ||     1
       Scroll            |     5 |     1 ||     6
 Stab: Paralysed         |       |     4 ||     4
Armor: Skin              |     5 |     1 ||     6
       Robe              |    17 |     1 ||    18
Dodge: Dodged            |    73 |    42 ||   115

Table legend: (Time is in decaauts)
 A = Elapsed time spent in this place.
 B = Non-inter-level travel time spent in this place.
 C = Inter-level travel time spent in this place.
 D = Time resting spent in this place.
 E = Time spent auto-exploring this place.
 F = Levels seen in this place.
 G = Mean time per level.
                   A        B        C        D        E       F      G
               +--------+--------+--------+--------+--------+-----+--------+
         Total |   3529 |   3467 |     62 |      0 |   3003 |   4 |  882.2 |
       Dungeon |   3529 |   3467 |     62 |      0 |   3003 |   4 |  882.2 |
               +--------+--------+--------+--------+--------+-----+--------+

Top non-repeatable levels by time:
     D:2: 1351 daAuts
     D:1: 1082 daAuts
     D:3: 1039 daAuts
     D:4: 55 daAuts
